 Dungeon Crawl Stone Soup version 0.27-a0-498-g7ecbb0a48f (webtiles) character file.

Game seed: 12020563867160508030

214 dickylongcocking the Covert (level 5, -1/36 HPs)
             Began as an Octopode Delver on Mar 3, 2021.
             Was an Initiate of Nemelex Xobeh.
             Killed by divine providence
             ... invoked by an orc priest
              (11 damage)
             ... on level 4 of the Dungeon.
             The game lasted 00:01:31 (1325 turns).

dickylongcocking the Covert (Octopode Delver)       Turns: 1325, Time: 00:01:33

Health: -1/36      AC:  1    Str: 10 (12) XL:     5   Next: 91%
Magic:  5/5        EV: 13    Int: 11 (12) God:    Nemelex Xobeh [......]
Gold:   21         SH:  0    Dex: 12 (14) Spells: 4/4 levels left

rFire    . . .     SeeInvis .     - Unarmed
rCold    . . .     Faith    .   (no shield)
rNeg     . . .     Spirit   .   (helmet restricted)
rPois    .         Reflect  .   (no amulet)
rElec    .         Harm     .   (no ring)
rCorr    .         Rampage  .   (no ring)
Will     .....                  (no ring)
Stlth    +++++.....             (no ring)
HPRegen  0.12/turn              (no ring)
MPRegen  0.09/turn              (no ring)
                                (no ring)
                                (no ring)

@: no status effects
A: almost no armour, stealthy swim, amphibious, 8 rings, constrict 8, camouflage
1, gelatinous body 1
a: Renounce Religion, Draw Escape, Draw Destruction, Draw Summoning


You were on level 4 of the Dungeon.
You worshipped Nemelex Xobeh.
Nemelex Xobeh was noncommittal.
You visited 2 branches of the dungeon, and saw 3 of its levels.

You collected 21 gold pieces.

Inventory:

Wands
 e - a wand of digging (2)
 f - a wand of charming (9)
 g - a wand of flame (19)
Scrolls
 a - a scroll of fog
 b - a scroll of teleportation {unknown}
 c - a scroll of fear
 j - a scroll of amnesia {unknown}
Potions
 d - a potion of haste


   Skills:
 - Level 3.0 Fighting
 - Level 2.0 Dodging
 + Level 8.1 Stealth
 * Level 5.0 Unarmed Combat


You had 4 spell levels left.
You didn't know any spells.
Your spell library was empty.

Dungeon Overview and Level Annotations

Branches:
Dungeon (5/15)             Temple (1/1) D:5

Altars:
Elyvilon
Hepliaklqana
Kikubaaqudgha
Makhleb
Nemelex Xobeh
Qazlal
Ru
Wu Jian
Lugonu


Innate Abilities, Weirdness & Mutations

You cannot wear most types of armour.
You are very stealthy in the water. (Stealth+)
You are amphibious.
You can wear up to eight rings at the same time.
You can use your tentacles to constrict eight enemies at once.
Your skin changes colour to match your surroundings (Stealth+).
Your rubbery body absorbs attacks. (AC +1, EV +1)


Message History

You kill the orc wizard!
Your Unarmed Combat skill increases to level 5!
An orc wizard comes into view. It is wielding a +0 dagger.
Things that are here:
a +0 dagger; a +0 robe; an orc corpse An orc wizard is nearby!
An orc wizard is nearby!
You start resting.
HP restored.
The orc wizard shouts!
You hear a shout! x3
Things that are here:
a +0 dagger; a +0 robe; an orc corpse The orc wizard closely misses you.
You tentacle-slap the orc wizard but do no damage.
Your grab misses the orc wizard.
The orc priest invokes the aid of Beogh against you.
Beogh smites you!
The orc wizard hits you with a +0 dagger.
You completely miss the orc wizard. You grab the orc wizard.
You squeeze the orc wizard, but do no damage.
You constrict the orc wizard, but do no damage.
The orc wizard gestures at you while chanting.
The puff of flame hits you!
Unknown command.
It was a potion of curing.
You feel better.
You constrict the orc wizard.
The orc wizard hits you with a +0 dagger.
The orc priest mumbles some strange prayers to Beogh against you.
Beogh smites you!
* * * LOW HITPOINT WARNING * * *
You hear a shout!
Unknown command.
Unknown command.
It was a potion of degeneration.
There was something very wrong with that liquid.
You feel weakened.
You feel dopey.
You feel clumsy.
You constrict the orc wizard. The orc wizard barely misses you.
The orc priest invokes the aid of Beogh against you.
Beogh smites you!
You die...
Your body disappears without a glow.

#.# #........#E#...# #.###..##
##.#####.....######...########.##
.............. .................
##...#####...###...._.....#....##
#...# #....'...........##....##
#...# #....##.###.o.####.......
#...# #....##.# o..#E##....#.#
#...# #....##)###...###........
##...# #....##.@ooo## #.#.#####.
.....# #....#####+## #.#.#####.
.....# #....# #......... .)...#
#.#### #.#.###### .รท#..# #.#
#.#....... ..#..# #.# #(########
..#..# #.# #.# ..#..# #.# #.#
..#..# #.# #.#


You could see a fire elemental (dormant), an orc priest, an orc wizard and an
orc.

Vanquished Creatures
  Eustachio (D:4)
  A hound (D:4)
  An orc wizard (D:4)
  A worm (D:4)
  A leopard gecko (D:4)
  An orc (D:4)
  A ball python (D:4)
  5 jackals (D:4)
  A quokka (D:4)
  A frilled lizard (D:4)
14 creatures vanquished.

Notes
Turn   | Place    | Note
-------+----------+-------------------------------------------
     0 | D:5      | dickylongcocking the Octopode Delver began the quest for
                  | the Orb.
     0 | D:5      | Reached XP level 1. HP: 16/16 MP: 1/1
     1 | D:5      | Found a staircase to the Ecumenical Temple.
    12 | Temple   | Entered the Ecumenical Temple
    42 | Temple   | Became a worshipper of Nemelex Xobeh the Trickster
    70 | D:5      | Noticed a scorpion
   122 | D:4      | Noticed a hound
   135 | D:4      | Killed a hound
   136 | D:4      | Reached skill level 7 in Stealth
   136 | D:4      | Reached XP level 2. HP: 4/21 MP: 2/2
   136 | D:4      | Reached XP level 3. HP: 6/26 MP: 3/3
   435 | D:4      | Noticed Eustachio
   447 | D:4      | Killed Eustachio
   448 | D:4      | Reached XP level 4. HP: 4/31 MP: 4/4
   448 | D:4      | Reached XP level 5. HP: 5/36 MP: 5/5
   874 | D:4      | Noticed a phantom
   915 | D:4      | Found a stormy altar of Qazlal.
   915 | D:4      | Noticed a fire elemental
  1084 | D:4      | Reached skill level 8 in Stealth
  1268 | D:4      | Noticed an air elemental
  1274 | D:4      | Reached skill level 5 in Unarmed Combat
  1325 | D:4      | Killed from afar by an orc priest

Illustrated notes

Levels and vault maps discovered:
D:4:      layout_basic, vehumet_statue, nicolae_qazlal_style_of_elements,
          uniq_eustachio
D:5:      layout_layer_cave, zin_scriptorium,
          minmay_temple_entry_drinking_statues
Temple:   corrupted_temple

Skill      XL: |  1  2  3  4  5 |
---------------+----------------+-----
Stealth        | 7 8 |  8.1
Unarmed Combat | 3 4 5 |  5.0
Fighting       | |  3.0
Dodging        | |  2.0

Action                   |  1- 3 |  4- 6 || total
-------------------------+-------+-------++-------
Melee: Unarmed           |    20 |    26 ||    46
       Tentacles         |     4 |     7 ||    11
       Constrict         |     3 |    10 ||    13
       Punch             |       |     1 ||     1
Evoke: Wand              |     1 |       ||     1
  Use: Scroll            |     1 |       ||     1
       Potion            |       |     2 ||     2
 Stab: Sleeping          |     3 |     5 ||     8
Armor: Skin              |     1 |     4 ||     5
Dodge: Dodged            |    22 |    11 ||    33

Table legend: (Time is in decaauts)
 A = Elapsed time spent in this place.
 B = Non-inter-level travel time spent in this place.
 C = Inter-level travel time spent in this place.
 D = Time resting spent in this place.
 E = Time spent auto-exploring this place.
 F = Levels seen in this place.
 G = Mean time per level.
                   A        B        C        D        E       F      G
               +--------+--------+--------+--------+--------+-----+--------+
         Total |   1322 |   1309 |     13 |    543 |    430 |   3 |  440.7 |
       Dungeon |   1277 |   1277 |      0 |    543 |    422 |   2 |  638.5 |
        Temple |     44 |     31 |     13 |      0 |      8 |   1 |   44.0 |
               +--------+--------+--------+--------+--------+-----+--------+

Top non-repeatable levels by time:
     D:4: 1224 daAuts
     D:5: 53 daAuts
  Temple: 44 daAuts
